 Dungeon Crawl Stone Soup version 0.29-a0-577-gafbf2c5d25 (webtiles) character file.

Game seed: 16596686303310561254

369 dolemite99 the Conjurer (level 6, 0/41 HPs)
             Began as a Demonspawn Conjurer on June 14, 2022.
             Was a Believer of Dithmenos.
             Slain by Grinder (1 damage)
             ... while paralysed by Grinder
             ... on level 5 of the Dungeon.
             The game lasted 00:06:14 (8025 turns).

dolemite99 the Conjurer (Demonspawn Conjurer)       Turns: 8025, Time: 00:06:15

Health: 0/41       AC:  2    Str:  7    XL:     6   Next: 41%
Magic:  2/9        EV:  2    Int: 21    God:    Dithmenos [**....]
Gold:   307        SH:  0    Dex: 12    Spells: 6/9 levels left

rFire   . . .      SeeInvis .   h - +1 dagger (drain)
rCold   . . .      Faith    .   (no shield)
rNeg    . . .      Spirit   .   l - +0 robe
rPois   .          Reflect  .   (no helmet)
rElec   .          Harm     .   (no cloak)
rCorr   .          Rampage  .   (no gloves)
Will    .....                   (no boots)
Stlth   ++........              (no amulet)
HPRegen 0.13/turn               (no ring)
MPRegen 0.11/turn               (no ring)

@: paralysed, lethally poisoned (0 -> -11), wreathed by umbra
A: claws 1, hooves 1, powered by death 1, weakness stinger 2
a: Renounce Religion, Shadow Step


You were on level 5 of the Dungeon.
You worshipped Dithmenos.
Dithmenos was pleased with you.
You visited 1 branch of the dungeon, and saw 5 of its levels.

You collected 307 gold pieces.

Inventory:

Hand Weapons
 a - a +1 hunting sling
 d - a +0 dagger
 g - a +1 hand axe of electrocution
 h - a +1 dagger of draining (weapon)
Missiles
 i - 179 stones
 r - a boomerang
Armour
 l - a +0 robe (worn)
 m - a +0 kite shield
 s - the +1 ring mail of Itubul {Dex+2}
   (You found it on level 3 of the Dungeon)

   Dex:       It affects your dexterity (+2).
Jewellery
 u - a ring of protection from fire
 y - an amulet of magic regeneration
Wands
 c - a wand of iceblast (11)
 v - a wand of flame (35)
 w - a wand of digging (6)
Scrolls
 e - a scroll of fear
 f - 3 scrolls of teleportation
 z - a scroll of blinking {unknown}
Potions
 b - a potion of magic
 j - a potion of ambrosia
 k - 2 potions of attraction
 n - a potion of mutation
 o - 2 potions of degeneration {unknown}
 p - a potion of haste {unknown}
 q - a potion of might
 t - a potion of flight {unknown}
 x - a potion of berserk rage {unknown}


   Skills:
 - Level 2.0 Short Blades
 - Level 1.7 Dodging
 - Level 1.7 Stealth
 - Level 2.0 Spellcasting
 + Level 7.4 Conjurations


You had 6 spell levels left.
You knew the following spells:

 Your Spells              Type           Power      Damage    Failure   Level
a - Magic Dart            Conj           100%       1d8       1%          1
b - Searing Ray           Conj           66%        2d6       1%          2

Your spell library contained the following spells:

 Spells                   Type           Power      Damage    Failure   Level
 Static Discharge         Conj/Air       17%        N/A       4%          2
 Dazzling Flash           Conj/Hex       34%        N/A       10%         3
 Stone Arrow              Conj/Erth      34%        3d9       10%         3
 Sandblast                Erth           4%         2d4       14%         1
 Passwall                 Tmut/Erth      1%         N/A       22%         2
 Fulminant Prism          Conj/Hex       8%         3d7       32%         4
 Iskenderun's Mystic Bla  Conj/Tloc      17%        2d5       32%         4
 Ozocubu's Armour         Ice            2%         N/A       41%         3
 Lightning Bolt           Conj/Air       8%         1d21      65%         5
 Metabolic Englaciation   Hex/Ice        1%         N/A       99%         5
 Simulacrum               Ice/Necr       1%         N/A       100%        6
 Ozocubu's Refrigeration  Ice            1%         4d5       100%        7
 Maxwell's Capacitive Co  Air            1%         ∞         100%        8


Dungeon Overview and Level Annotations

Branches:
Dungeon (5/15)             Temple (0/1) D:4

Altars:
Dithmenos
Gozag

Shops:
D:2 [

Annotations:
D:2 exclusion: downstairs
D:3 Sigmund
D:5 Grinder


Innate Abilities, Weirdness & Mutations

You have sharp fingernails.
You have large cloven feet.
You regenerate a little health from kills.
You have a tail ending in a sharp stinger.


Message History

The searing ray hits Grinder!
Grinder is moderately wounded. (Press . to maintain the ray.)
A scorpion comes into view.
The searing ray hits Grinder!
Grinder is heavily wounded.
A hound comes into view.
The searing ray hits Grinder but does no damage.
Grinder is heavily wounded.
The searing ray hits Grinder.
Grinder is severely wounded.
The searing ray hits the scorpion.
The scorpion is moderately wounded.
You finish channelling your searing ray.
The hound barks!
Grinder gestures at you. Pain shoots through your body! Grinder hits you.
You writhe in agony.
Casting: Searing Ray (safe; 1% risk of failure)
Confirm with . or Enter, or press ? or * to list all spells.
Aiming: Searing Ray (safe; 1% risk of failure)
Press: ? - help, Shift-Dir - straight line, f/p - Grinder
Aim: Grinder (severely wounded, umbra, 78% to hit)
The searing ray hits Grinder!
Grinder is almost dead. (Press . to maintain the ray.) Grinder gestures at you.
You suddenly lose the ability to move!
Grinder hits you.
You writhe in agony.
* * * LOW HITPOINT WARNING * * *
The scorpion stings you.
* * * LOW HITPOINT WARNING * * *
You are lethally poisoned!
The scorpion poisons you!
* * * LOW HITPOINT WARNING * * *
You feel very sick. Grinder hits you.
* * * LOW HITPOINT WARNING * * *
You writhe in agony.
You die...

... ##...#...#..####
.... #........##.....
#..# ##........###.[..
#..##....#....###.#..
##.......###....#..##.
..........###......###
..##......#......## #
##.............# #
#s@............#
#h5##...........# #..#
##...........# #..#
##...........# ...#
##......##... $...
#....... .. ...
#........ ..


You could see Grinder, a scorpion and a hound.

Vanquished Creatures
  A water moccasin (D:5)
  A scorpion (D:4)
  An iguana (D:4)
  2 orc wizards (D:3)
  A gnoll (D:3)
  4 adders (D:4)
  A dart slug (D:1)
  8 orcs
  5 bats
  3 endoplasms
  5 giant cockroaches
  6 goblins
  10 hobgoblins
  3 jackals (D:3)
  7 quokkas
  5 ball pythons
  2 frilled lizards
  9 kobolds
  2 rats (D:1)
76 creatures vanquished.

Notes
Turn   | Place    | Note
-------+----------+-------------------------------------------
     0 | D:1      | dolemite99 the Demonspawn Conjurer began the quest for the
                  | Orb.
     0 | D:1      | Reached XP level 1. HP: 13/13 MP: 3/3
   603 | D:1      | Found a faded altar of an unknown god.
   613 | D:1      | Prayed at the altar of an unknown god.
   613 | D:1      | Became a worshipper of Dithmenos the Shadowed
   613 | D:1      | Reached * piety under Dithmenos
   625 | D:1      | Discovered your monstrous ancestry.
   625 | D:1      | Gained mutation: You have a small tail. [demonic ancestry]
   625 | D:1      | Reached XP level 2. HP: 19/19 MP: 1/5
  1051 | D:1      | Learned a level 2 spell: Searing Ray
  1512 | D:1      | Reached skill level 5 in Conjurations
  1541 | D:1      | Gained mutation: You have large cloven feet. [demonic
                  | ancestry]
  1541 | D:1      | Reached XP level 3. HP: 24/24 MP: 6/6
  2173 | D:2      | Found Docy's Armour Boutique.
  2586 | D:2      | Learned a level 1 spell: Magic Dart
  2629 | D:2      | Found an opulent altar of Gozag.
  3814 | D:3      | Reached ** piety under Dithmenos
  4095 | D:3      | Identified the +1 ring mail of Itubul {Dex+2}
  4139 | D:3      | Gained mutation: You have a tail ending in a sharp stinger.
                  | [demonic ancestry]
  4139 | D:3      | Reached XP level 4. HP: 19/30 MP: 0/7
  4679 | D:3      | Reached skill level 1 in Short Blades
  4940 | D:3      | Noticed Sigmund
  5136 | D:4      | Noticed a scorpion
  5154 | D:4      | Killed a scorpion
  5155 | D:4      | Reached skill level 6 in Conjurations
  5155 | D:4      | Gained mutation: You have sharp fingernails. [demonic
                  | ancestry]
  5155 | D:4      | Reached XP level 5. HP: 6/35 MP: 4/8
  6712 | D:4      | Found a staircase to the Ecumenical Temple.
  7236 | D:5      | Entered Level 5 of the Dungeon
  7323 | D:5      | Gained mutation: You regenerate a little health from kills.
                  | [demonic ancestry]
  7323 | D:5      | Reached XP level 6. HP: 41/41 MP: 7/9
  7518 | D:5      | Noticed a water moccasin
  7535 | D:5      | Killed a water moccasin
  7536 | D:5      | Reached skill level 7 in Conjurations
  8015 | D:5      | Noticed Grinder
  8023 | D:5      | Paralysed by Grinder for 3 turns
  8025 | D:5      | HP: 1/41 [Grinder (6)]
  8025 | D:5      | Slain by Grinder

Illustrated notes

Levels and vault maps discovered:
D:1:      psy_arrival_spokes, layout_basic, ebering_ecumenical_altar_abandoned,
          minmay_distorted
D:2:      layout_loops_corners, serial_shops, nicolae_shop_crystal, basic_altar,
          chequers_serial_rivers_large_b
D:3:      layout_loops_ring, uniq_sigmund, uniq_crazy_yiuf_cottage
D:4:      layout_basic, minmay_temple_entry_arrows, minmay_fountain_box
D:5:      layout_layer_cave, nicolae_inconvenience_store, uniq_grinder

Skill      XL: |  1  2  3  4  5  6 |
---------------+-------------------+-----
Conjurations   | 5 6 7 |  7.4
Short Blades   | 2 |  2.0
Dodging        | |  1.7
Stealth        | |  1.7
Spellcasting   | |  2.0

Action                   |  1- 3 |  4- 6 || total
-------------------------+-------+-------++-------
Melee: Dagger            |    38 |    25 ||    63
       Tailslap          |     3 |     4 ||     7
       Kick              |       |     6 ||     6
 Fire: Hunting sling     |    16 |       ||    16
 Cast: Magic Dart        |    39 |    30 ||    69
       Searing Ray       |     7 |    19 ||    26
  Use: Scroll            |    12 |     4 ||    16
       Potion            |       |     6 ||     6
 Stab: Sleeping          |     1 |       ||     1
       Distracted        |       |     1 ||     1
Armor: Robe              |    15 |     6 ||    21
       Skin              |       |     9 ||     9
Dodge: Dodged            |    52 |    41 ||    93

Table legend: (Time is in decaauts)
 A = Elapsed time spent in this place.
 B = Non-inter-level travel time spent in this place.
 C = Inter-level travel time spent in this place.
 D = Time resting spent in this place.
 E = Time spent auto-exploring this place.
 F = Levels seen in this place.
 G = Mean time per level.
                   A        B        C        D        E       F      G
               +--------+--------+--------+--------+--------+-----+--------+
         Total |   8056 |   7966 |     90 |   4516 |   2642 |   5 | 1611.2 |
       Dungeon |   8056 |   7966 |     90 |   4516 |   2642 |   5 | 1611.2 |
               +--------+--------+--------+--------+--------+-----+--------+

Top non-repeatable levels by time:
     D:4: 2122 daAuts
     D:2: 2014 daAuts
     D:1: 1778 daAuts
     D:3: 1352 daAuts
     D:5: 788 daAuts
